 Dungeon Crawl Stone Soup version 0.17-a0-2231-gd80ca38 (webtiles) character file.

339 zarick13 the Cleaver (level 6, -3/50 HPs)
             Began as a Hill Orc Gladiator on Nov 1, 2015.
             Slain by a sky beast (5 damage)
             ... on level 4 of the Dungeon.
             The game lasted 00:05:43 (2241 turns).

zarick13 the Cleaver (Hill Orc Gladiator)           Turns: 2241, Time: 00:05:44

Health: -3/50      AC:  8    Str: 20    XL:     6   Next: 55%
Magic:  6/6        EV: 10    Int:  8    God:
Gold:   133        SH:  0    Dex: 11    Spells: 0 memorised, 5 levels left

rFire  . . .     SeeInvis .     a - +0 war axe
rCold  . . .     Clarity  .     h - +0 scale mail
rNeg   . . .     SustAt   .     (no shield)
rPois  .         Gourm    .     c - +0 helmet
rElec  .         Spirit   .     (no cloak)
rCorr  .         Warding  .     (no gloves)
rMut   .         Stasis   .     f - +0 pair of boots
MR     .....                    (no amulet)
Stlth  ..........               (no ring)
                                (no ring)

@: not resistant to hostile enchantments, extremely unstealthy
A: no striking features
a: no special abilities


You were on level 4 of the Dungeon.
You were hungry.

You visited 1 branch of the dungeon, and saw 4 of its levels.

You collected 133 gold pieces.

Inventory:

Hand Weapons
 a - a +0 war axe (weapon)
Missiles
 d - 3 throwing nets (quivered)
 l - 4 javelins
Armour
 b - a +0 leather armour
 c - a +0 helmet (worn)
 f - a +0 pair of boots (worn)
 h - a +0 scale mail (worn)
Scrolls
 o - a scroll of identify
 r - a scroll of remove curse
Potions
 g - 2 potions of flight
 i - a potion of degeneration {unknown}
 j - a potion of ambrosia {unknown}
 p - a potion of curing
Comestibles
 e - 4 bread rations
 k - a fruit
 n - a slice of pizza
 q - 2 meat rations


   Skills:
 - Level 2.4 Fighting
 * Level 9.4 Axes
 - Level 1.7 Throwing
 - Level 2.4 Dodging


You had 5 spell levels left.
You didn't know any spells.

Dungeon Overview and Level Annotations

Branches:
Dungeon (4/15)
 Temple: D:4-7

Altars:
Gozag

Shops:
D:3 *


Message History

You hit the jackal.
You kill the jackal!
The jackal bites you.
* * * LOW HITPOINT WARNING * * *
The jackal closely misses you. The sky beast barely misses you.
The jackal bites you but does no damage.
You slash the sky beast!
The sky beast is almost dead.
You hit the jackal but do no damage. You slash the jackal!
You kill the jackal!
The jackal bites you but does no damage.
The sky beast barely misses you.
You barely miss the sky beast.
The sky beast is almost dead.
You hit the jackal but do no damage.
The jackal bites you but does no damage.
The sky beast hits you.
* * * LOW HITPOINT WARNING * * *
The sky beast shocks you.
You die...

...#.......#.
............... #
#............... .###.
#...............
.....####...............
........#........##.##..
.....#..........###.###.
......hY................
#@..#..###).......
##..##............
##....##..........
#........##....<..
#........##.......
#........##.......
#........###......
###..<..## ##....#
####..# #####


You could see a sky beast and a jackal.

Vanquished Creatures
  A hound (D:4)
  Ijyb (D:2)
  A centaur skeleton (D:4)
  4 orc wizards (D:4)
  Natasha (D:4)
  A worker ant zombie (D:4)
  2 adders
  An ooze (D:3)
  A worm (D:2)
  2 giant geckos
  5 orcs (D:4)
  5 giant cockroaches
  8 hobgoblins
  8 jackals
  5 kobolds
  6 bats
  A giant gecko skeleton (D:4)
  2 giant newts (D:1)
  14 goblins
  5 rats
74 creatures vanquished.

Notes
Turn   | Place    | Note
--------------------------------------------------------------
     0 | D:1      | zarick13 the Hill Orc Gladiator began the quest for the Orb.
     0 | D:1      | Reached XP level 1. HP: 18/18 MP: 1/1
    95 | D:1      | Reached XP level 2. HP: 25/25 MP: 2/2
   231 | D:1      | Reached skill level 5 in Axes
   564 | D:1      | Reached XP level 3. HP: 30/30 MP: 3/3
   882 | D:2      | Noticed Ijyb
   906 | D:2      | Killed Ijyb
   906 | D:2      | Reached skill level 6 in Axes
   906 | D:2      | Reached XP level 4. HP: 30/37 MP: 4/4
  1629 | D:3      | Found a faded altar to an unknown god.
  1636 | D:3      | Reached skill level 7 in Axes
  1683 | D:3      | Found Gozag's Platinum Reserve.
  1697 | D:3      | Found an opulent altar of Gozag.
  1807 | D:3      | Reached XP level 5. HP: 39/42 MP: 5/5
  1859 | D:3      | You fall through a shaft!
  1960 | D:4      | Reached skill level 8 in Axes
  1963 | D:4      | Reached XP level 6. HP: 5/50 MP: 6/6
  2221 | D:4      | Noticed Natasha
  2224 | D:4      | Noticed a sky beast
  2228 | D:4      | Killed Natasha
  2228 | D:4      | Reached skill level 9 in Axes
  2241 | D:4      | HP: 2/50 [sky beast (4)]
  2241 | D:4      | Slain by a sky beast

Vault maps used:
D:1:      dpeg_arrival_round_c
D:2:      minmay_parallelograms, uniq_iyjb
D:3:      marbit_many_paths, nicolae_gozag_zags_fifth_avenue,
          ecumenical_altar_2, serial_bayou, serial_bayou_pond_a,
          serial_bayou_pond_b, serial_bayou_ford_a, serial_bayou_lagoon_a,
          serial_bayou_pond_a, serial_park_tiny_1, minmay_misc_feat_iff,
          uniq_grinder
D:4:      minmay_temple_entry_poolview, uniq_natasha, uniq_robin

Action                   |  1- 3 |  4- 6 || total
-------------------------+-------+-------++-------
Melee: War axe           |    87 |   156 ||   243
  Use: Scroll            |     5 |     3 ||     8
       Potion            |       |     1 ||     1
  Eat: Chunk             |       |     4 ||     4
